BSA
AUSTIN RIVER SHARKS @ VISTA PANTHERS
07/21/2024
 
TOP OF THE 1ST
Austin River Sharks batting - Pitching for Vista Panthers : RHP Mario Chávez
Pitching: RHP Mario Chávez
Batting: LHB Miguel Pérez 0-0: Called Strike
0-1: Ball
1-1: Ball
2-1: Ball
3-1: Base on Balls
Batting: RHB José Balina 0-0: Grounds into double play, U6-3 (Groundball, 6M)
Batting: LHB Roberto García 0-0: Ball
1-0: Ball
2-0: Foul Ball, location: 2F
2-1: Foul Ball, location: 2F
2-2: Ball
3-2: SINGLE (Groundball, 56D)
Batting: LHB Pedro Zaragoza 0-0: Ball
1-0: Ball
2-0: Ball
3-0: Called Strike
3-1: Fielders Choice at 2nd, U6 (Groundball, 6M)
Top of the 1st over - 0 run(s), 1 hit(s), 0 error(s), 1 left on base; Austin 0 - Vista 0
BOTTOM OF THE 1ST
Vista Panthers batting - Pitching for Austin River Sharks : LHP Walter Bamber
Pitching: LHP Walter Bamber
Batting: RHB Andrew Good 0-0: Ground out 6-3 (Groundball, 6)
Batting: RHB Wilson López 0-0: Called Strike
0-1: Swinging Strike
0-2: Foul Ball, location: 2F
0-2: DOUBLE (Line Drive, 7LD)
Batting: RHB John Mendelson 0-0: Ball
1-0: Ball
2-0: Called Strike
2-1: Foul Ball, location: 2F
2-2: Ball
3-2: Foul Ball, location: 2F
3-2: Fly out, F4 (Popup, 4MD)
Batting: RHB Roberto Cruz 0-0: Ball
1-0: Called Strike
1-1: Ball
2-1: Foul Ball, location: 2F
2-2: Foul Ball, location: 2F
2-2: Fly out, F9 (Flyball, 89D)
Bottom of the 1st over - 0 run(s), 1 hit(s), 0 error(s), 1 left on base; Austin 0 - Vista 0
TOP OF THE 2ND
Austin River Sharks batting - Pitching for Vista Panthers : RHP Mario Chávez
Batting: SHB Juan Castro 0-0: Ball
1-0: Foul Ball, location: 2F
1-1: Ball
2-1: Fly out, F8 (Flyball, 78D)
Batting: RHB Rich Ruffin 0-0: Ball
1-0: Foul Ball, location: 2F
1-1: Foul Ball, location: 2F
1-2: Foul Ball, location: 2F
1-2: Ball
2-2: Ball
3-2: Strikes out swinging
Batting: RHB Kenneth Roberts 0-0: Ball
1-0: Ground out 6-3 (Groundball, 6MS)
Top of the 2nd over - 0 run(s), 0 hit(s), 0 error(s), 0 left on base; Austin 0 - Vista 0
BOTTOM OF THE 2ND
Vista Panthers batting - Pitching for Austin River Sharks : LHP Walter Bamber
Batting: LHB Pablo Rivas 0-0: Ball
1-0: DOUBLE (Groundball, 5L)
Batting: RHB Javier Deleón 0-0: Ground out 1-3 (Groundball, 23)
Pablo Rivas to third
Batting: LHB Patrick Osborne 0-0: Ball
1-0: Called Strike
1-1: Fly out, F9 (Line Drive, 9M)
Runner from 3rd tags up, SCORES, throw made
Batting: LHB Harry Pitts 0-0: Ball
1-0: Swinging Strike
1-1: Swinging Strike
1-2: Foul Ball, location: 2F
1-2: Foul Ball, location: 2F
1-2: Strikes out swinging
Bottom of the 2nd over - 1 run(s), 1 hit(s), 0 error(s), 0 left on base; Austin 0 - Vista 1
TOP OF THE 3RD
Austin River Sharks batting - Pitching for Vista Panthers : RHP Mario Chávez
Batting: LHB Terry Maloney 0-0: Called Strike
0-1: Ball
1-1: Swinging Strike
1-2: Ball
2-2: Strikes out swinging
Batting: RHB Hidetada Kichida 0-0: Ball
1-0: SINGLE (Line Drive, 4D)
Batting: LHB Miguel Pérez 0-0: Called Strike
0-1: Foul Ball, location: 2F
0-2: Ball
1-2: Ball
2-2: Ball
3-2: Fly out, F9 (Line Drive, 89S)
Batting: RHB José Balina 0-0: Called Strike
0-1: Swinging Strike
0-2: Ball
1-2: Ball
2-2: Ball
3-2: Foul Ball, location: 2F
3-2: SINGLE (Groundball, 5L)
Hidetada Kichida to second
Hidetada Kichida to third
Batting: LHB Roberto García 0-0: Called Strike
0-1: Ball
1-1: DOUBLE (Line Drive, 78D)
Hidetada Kichida scores
José Balina to third
Batting: LHB Pedro Zaragoza 0-0: Called Strike
0-1: Foul Ball, location: 2F
0-2: Ball
1-2: Ball
2-2: Foul Ball, location: 2F
2-2: Ground out U3 (Groundball, 3L)
Top of the 3rd over - 1 run(s), 3 hit(s), 0 error(s), 2 left on base; Austin 1 - Vista 1
BOTTOM OF THE 3RD
Vista Panthers batting - Pitching for Austin River Sharks : LHP Walter Bamber
Batting: RHB Danny Crouch 0-0: Called Strike
0-1: Ball
1-1: Foul Ball, location: 2F
1-2: Ball
2-2: Strikes out swinging
Batting: RHB Andrew Good 0-0: Called Strike
0-1: Foul Ball, location: 2F
0-2: Ball
1-2: Strikes out swinging
Batting: RHB Wilson López 0-0: Ground out 5-3 (Groundball, 5S)
Bottom of the 3rd over - 0 run(s), 0 hit(s), 0 error(s), 0 left on base; Austin 1 - Vista 1
TOP OF THE 4TH
Austin River Sharks batting - Pitching for Vista Panthers : RHP Mario Chávez
Batting: SHB Juan Castro 0-0: Ball
1-0: Swinging Strike
1-1: Ball
2-1: Ball
3-1: Foul Ball, location: 2F
3-2: Strikes out swinging
Batting: RHB Rich Ruffin 0-0: Called Strike
0-1: Foul Ball, location: 2F
0-2: Ball
1-2: Ball
2-2: Strikes out swinging
Batting: RHB Kenneth Roberts 0-0: Ball
1-0: Called Strike
1-1: Fly out, F7 (Line Drive, 78XD)
Top of the 4th over - 0 run(s), 0 hit(s), 0 error(s), 0 left on base; Austin 1 - Vista 1
BOTTOM OF THE 4TH
Vista Panthers batting - Pitching for Austin River Sharks : LHP Walter Bamber
Batting: RHB John Mendelson 0-0: Ball
1-0: Called Strike
1-1: Foul Ball, location: 2F
1-2: Foul Ball, location: 2F
1-2: Ball
2-2: Foul Ball, location: 2F
2-2: Foul Ball, location: 2F
2-2: Foul Ball, location: 2F
2-2: SOLO HOME RUN (Flyball, 78XD), Distance : 412 ft
Batting: RHB Roberto Cruz 0-0: Swinging Strike
0-1: Swinging Strike
0-2: Ball
1-2: Foul Ball, location: 2F
1-2: Ball
2-2: Ball
3-2: SINGLE (Flyball, 78S)
Batting: LHB Pablo Rivas 0-0: Grounds into double play, 4-6-3 (Groundball, 34)
Batting: RHB Javier Deleón 0-0: Swinging Strike
0-1: Ball
1-1: Foul Ball, location: 2F
1-2: Ball
2-2: Strikes out swinging
Bottom of the 4th over - 1 run(s), 2 hit(s), 0 error(s), 0 left on base; Austin 1 - Vista 2
TOP OF THE 5TH
Austin River Sharks batting - Pitching for Vista Panthers : RHP Mario Chávez
Batting: LHB Terry Maloney 0-0: Ball
1-0: Called Strike
1-1: Ground out 1-3 (Groundball, 13)
Batting: RHB Hidetada Kichida 0-0: SINGLE (Line Drive, 78S)
Batting: LHB Miguel Pérez 0-0: Swinging Strike
0-1: Fly out, F6 (Popup, 6D)
Batting: RHB José Balina 0-0: Ball
1-0: Ground out 4-3 (Groundball, 4)
Top of the 5th over - 0 run(s), 1 hit(s), 0 error(s), 1 left on base; Austin 1 - Vista 2
BOTTOM OF THE 5TH
Vista Panthers batting - Pitching for Austin River Sharks : LHP Walter Bamber
Batting: LHB Patrick Osborne 0-0: DOUBLE (Groundball, 5L)
Batting: LHB Harry Pitts 0-0: Ball
1-0: Ball
2-0: SINGLE (Line Drive, 56D)
Patrick Osborne to third
Runner from 3rd tries for Home, throw and OUT!
Harry Pitts to second
Pitching: RHP Pedro Magana
Batting: RHB Danny Crouch 0-0: Foul Ball, location: 2F
0-1: Ground out 4-3 (Groundball, 4)
Harry Pitts to third
Batting: RHB Andrew Good 0-0: Called Strike
0-1: Foul Ball, location: 2F
0-2: Ball
1-2: Ball
2-2: Fly out, F7 (Line Drive, 78S)
Bottom of the 5th over - 0 run(s), 2 hit(s), 0 error(s), 1 left on base; Austin 1 - Vista 2
TOP OF THE 6TH
Austin River Sharks batting - Pitching for Vista Panthers : RHP Mario Chávez
Batting: LHB Roberto García 0-0: Ball
1-0: Ball
2-0: Swinging Strike
2-1: Foul Ball, location: 2F
2-2: Foul Ball, location: 2F
2-2: Strikes out swinging
Batting: LHB Pedro Zaragoza 0-0: Fly out, F9 (Line Drive, 9M)
Batting: SHB Juan Castro 0-0: Ball
1-0: Foul Ball, location: 2F
1-1: Foul Ball, location: 2F
1-2: Fly out, F4 (Popup, 4)
Top of the 6th over - 0 run(s), 0 hit(s), 0 error(s), 0 left on base; Austin 1 - Vista 2
BOTTOM OF THE 6TH
Vista Panthers batting - Pitching for Austin River Sharks : RHP Pedro Magana
Batting: RHB Wilson López 0-0: Called Strike
0-1: Foul Ball, location: 2F
0-2: Ball
1-2: Ground out 5-3 (Groundball, 56)
Batting: RHB John Mendelson 0-0: Ball
1-0: Swinging Strike
1-1: Foul Ball, location: 2F
1-2: Ball
2-2: Foul Ball, location: 2F
2-2: Foul Ball, location: 2F
2-2: SINGLE (Line Drive, 9S)
Batting: RHB Roberto Cruz 0-0: Called Strike
0-1: Called Strike
0-2: Ball
1-2: Grounds into double play, 6-4-3 (Groundball, 6)
Bottom of the 6th over - 0 run(s), 1 hit(s), 0 error(s), 0 left on base; Austin 1 - Vista 2
TOP OF THE 7TH
Austin River Sharks batting - Pitching for Vista Panthers : RHP Mario Chávez
Batting: RHB Rich Ruffin 0-0: Foul Ball, location: 2F
0-1: Called Strike
0-2: Ball
1-2: Ball
2-2: Ball
3-2: Strikes out looking
Batting: RHB Kenneth Roberts 0-0: Called Strike
0-1: Swinging Strike
0-2: Ball
1-2: Foul Ball, location: 2F
1-2: Foul Ball, location: 2F
1-2: Fly out, F5 (Line Drive, 5S)
Batting: LHB Terry Maloney 0-0: Ball
1-0: Ball
2-0: Ball
3-0: Called Strike
3-1: Called Strike
3-2: DOUBLE (Line Drive, 8RM)
Batting: RHB Hidetada Kichida 0-0: Called Strike
0-1: Fly out, F7 (Line Drive, 7M)
Top of the 7th over - 0 run(s), 1 hit(s), 0 error(s), 1 left on base; Austin 1 - Vista 2
BOTTOM OF THE 7TH
Vista Panthers batting - Pitching for Austin River Sharks : RHP Pedro Magana
Batting: LHB Pablo Rivas 0-0: Ball
1-0: Called Strike
1-1: Ball
2-1: Foul Ball, location: 2F
2-2: Ball
3-2: Base on Balls
Pinch Hitting: LHB António Glaviz 0-0: Sac Bunt - play at first, batter OUT! 1-4
Pablo Rivas to second
Pitching: RHP Armen Boyajian
Batting: LHB Patrick Osborne 0-0: Ball
1-0: Called Strike
1-1: Called Strike
1-2: Foul Ball, location: 2F
1-2: Foul Ball, location: 2F
1-2: Ball
2-2: Foul Ball, location: 2F
2-2: Strikes out swinging
Batting: LHB Harry Pitts 0-0: Called Strike
0-1: Reached on error, E6 (Groundball, 6)
Pablo Rivas to third
Batting: RHB Danny Crouch 0-0: Foul Ball, location: 2F
0-1: Ball
1-1: Foul Ball, location: 2F
1-2: Ball
2-2: Ball
3-2: Strikes out swinging
Bottom of the 7th over - 0 run(s), 0 hit(s), 1 error(s), 2 left on base; Austin 1 - Vista 2
TOP OF THE 8TH
Austin River Sharks batting - Pitching for Vista Panthers : RHP Mario Chávez
Pitching: RHP José Betancourt
Now at 2B: Jesús Torres
Batting: LHB Miguel Pérez 0-0: Foul Ball, location: 2F
0-1: Ball
1-1: Fly out, F5 (Popup, 5F)
Batting: RHB José Balina 0-0: Ground out 1-3 (Groundball, 13)
Pitching: LHP Xavier Velázquez
Batting: LHB Roberto García 0-0: Swinging Strike
0-1: Called Strike
0-2: Foul Ball, location: 2F
0-2: Ground out 6-3 (Groundball, 6M)
Top of the 8th over - 0 run(s), 0 hit(s), 0 error(s), 0 left on base; Austin 1 - Vista 2
BOTTOM OF THE 8TH
Vista Panthers batting - Pitching for Austin River Sharks : RHP Armen Boyajian
Batting: RHB Andrew Good 0-0: Fly out, F4 (Popup, 4D)
Batting: RHB Wilson López 0-0: Ball
1-0: Called Strike
1-1: Ball
2-1: SINGLE (Groundball, 56)
Batting: RHB John Mendelson 0-0: Called Strike
0-1: Ball
1-1: Ball
2-1: Swinging Strike
2-2: Ball
3-2: Foul Ball, location: 2F
3-2: Base on Balls
Wilson López to second
Batting: RHB Roberto Cruz 0-0: Called Strike
0-1: SINGLE (Flyball, 9LM)
Wilson López to third
John Mendelson to second
Batting: LHB Pablo Rivas 0-0: Called Strike
0-1: Ball
1-1: Fielders Choice at 2nd, 3-6 (Groundball, 3)
Wilson López scores
John Mendelson to third
Pinch Hitting: SHB Juan Gómez 0-0: Called Strike
0-1: Ball
1-1: 3-RUN HOME RUN (Flyball, 8LXD), Distance : 439 ft
Pitching: RHP Sam MacIntyre
Batting: LHB Patrick Osborne 0-0: Called Strike
0-1: Ball
1-1: Swinging Strike
1-2: Ground out 4-3 (Groundball, 4)
Bottom of the 8th over - 4 run(s), 3 hit(s), 0 error(s), 0 left on base; Austin 1 - Vista 6
TOP OF THE 9TH
Austin River Sharks batting - Pitching for Vista Panthers : LHP Xavier Velázquez
Now at 2B: Luis Castillo
Batting: LHB Pedro Zaragoza 0-0: Swinging Strike
0-1: Foul Ball, location: 2F
0-2: Ball
1-2: Ground out U3 (Groundball, 3S)
Batting: SHB Juan Castro 0-0: Swinging Strike
0-1: Foul Ball, location: 2F
0-2: Strikes out looking
Batting: RHB Rich Ruffin 0-0: Foul Ball, location: 2F
0-1: Ball
1-1: Called Strike
1-2: Ball
2-2: Ball
3-2: Strikes out swinging
Top of the 9th over - 0 run(s), 0 hit(s), 0 error(s), 0 left on base; Austin 1 - Vista 6
This league is powered by Out of the Park Baseball, the baseball management simulation game for PC, Mac and Linux
Saturday, April 9th, 2016 - OOTP Baseball 16.8 Build 38